 Dungeon Crawl Stone Soup version 0.16-a0-2710-g8b41a68 (webtiles) character file.

32 Ololoev the Poker (level 3, -2/29 HPs)
             Began as a Mummy Chaos Knight on Nov 26, 2014.
             Was a Plaything of Xom.
             Slain by an adder (6 damage)
             ... on level 2 of the Dungeon.
             The game lasted 00:02:05 (982 turns).

Ololoev the Poker (Mummy Chaos Knight)               Turns: 982, Time: 00:02:05

Health: -2/29      AC:  6    Str: 15    XL:     3   Next: 8%
Magic:  3/3        EV: 10    Int: 12    God:    Xom
Gold:   87         SH:  0    Dex: 11    Spells: 0 memorised, 2 levels left

rFire  x . .     SeeInvis .     a - +0 spear (chaos)
rCold  + . .     Clarity  .     b - +2 leather armour
rNeg   + + +     SustAb   .     (no shield)
rPois  ∞         Gourm    .     h - +0 helmet
rElec  .         Spirit   .     (no cloak)
rCorr  .         Warding  .     (no gloves)
rMut   .         Stasis   .     (no boots)
MR     .....                    (no amulet)
Stlth  +.........               (no ring)
                                (no ring)

@: not resistant to hostile enchantments, very unstealthy
A: no food or potions, fire vulnerability, restore body, cold resistance 1,
negative energy resistance 3, poison resistance, torment resistance, unbreathing
a: Renounce Religion


You were on level 2 of the Dungeon.
You worshipped Xom.
You were a toy of Xom.
You were not hungry.

You visited 1 branch of the dungeon, and saw 2 of its levels.

You collected 87 gold pieces.

Notes
Turn   | Place    | Note
--------------------------------------------------------------
     0 | D:1      | Ololoev, the Mummy Chaos Knight, began the quest for the Orb.
     0 | D:1      | Reached XP level 1. HP: 18/18 MP: 1/1
   166 | D:1      | XOM: potion effect (brilliance)
   360 | D:1      | Reached XP level 2. HP: 24/24 MP: 2/2
   518 | D:1      | XOM: harmless Conj miscast
   728 | D:1      | XOM: harmless Erth miscast
   789 | D:2      | XOM: divination: magic mapping
   843 | D:2      | Found a shadowy altar of Dithmenos.
   870 | D:2      | XOM: divination: detect items
   911 | D:2      | Reached XP level 3. HP: 24/29 MP: 3/3
   971 | D:2      | Found a shimmering altar of Xom.
   982 | D:2      | Slain by an adder

Inventory:

Hand weapons
 a - a +0 spear of chaos (weapon)
Missiles
 g - 2 javelins (quivered)
Armour
 b - a +2 leather armour (worn)
 h - a +0 helmet (worn)
Scrolls
 c - 2 scrolls of fear {unknown}
 d - a scroll of immolation {unknown}
 e - a scroll of identify {unknown}
 f - a scroll of teleportation {unknown}

Table legend:
 A = Turns spent in this place as a percentage of turns spent in the entire game.
 B = Non-inter-level travel turns spent in this place as a percentage of non-inter-level travel turns spent in the entire game.
 C = Inter-level travel turns spent in this place as a percentage of turns spent in this place.
 D = Turns resting spent in this place as a percentage of non-inter-level travel turns spent in this place.
 E = Turns spent auto-exploring this place as a percentage of non-inter-level travel turns spent in this place.
 F = Non-inter-level travel turns spent in this place divided by the number of levels of this place that you've seen.
                   A       B       C       D       E      F
               +-------+-------+-------+-------+-------+----------------------
         Total | 100.0 | 100.0 |   1.2 |   0.6 |  13.5 | 170.0
       Dungeon | 100.0 | 100.0 |   1.2 |   0.6 |  13.5 | 170.0
               +-------+-------+-------+-------+-------+----------------------


   Skills:
 - Level 3.0 Fighting
 * Level 3.5 Polearms
 - Level 1.5 Armour
 - Level 0.7 Dodging


You had 2 spell levels left.
You didn't know any spells.

Dungeon Overview and Level Annotations

Branches:
Dungeon (2/15)

Altars:
Dithmenos
Xom


Innate Abilities, Weirdness & Mutations

You do not eat or drink.
Your flesh is vulnerable to fire.
Your flesh is cold resistant.
You are immune to negative energy.
Your system is resistant to poisons.
You are immune to unholy pain and torment.
You can survive without breathing.


Message History

No target in view!
Things that are here:
2 stones; a kobold corpse You see here a naga barding.
Found a shimmering altar of Xom.
An adder comes into view.
Attack whom?
Press: ? - help, Dir - move target cursor, f - adder
Aim: an adder You reach to attack!
You barely miss the adder. The adder bites you.
You hit the adder.
The adder goes berserk!
The adder is lightly wounded.
The adder bites you. x2
You hit the adder but do no damage.
The adder is duplicated!
The adder is lightly wounded.
The adder bites you but does no damage. The adder barely misses you.
You barely miss the adder.
The adder is lightly wounded.
The adder bites you. The adder bites you but does no damage.
The adder bites you. The adder bites you but does no damage.
You are too injured to fight recklessly!
Evoke which item? (* to show all) (? for menu, Esc to quit)
Okay, then.
The adder barely misses you. x2
The adder bites you. The adder bites you but does no damage.
The adder bites you. The adder closely misses you.
You hit the adder.
The adder is lightly wounded.
The adder bites you. The adder misses you. The adder bites you.
The adder bites you.
You closely miss the adder.
The adder is lightly wounded.
The adder barely misses you. x2
The adder bites you. The adder bites you but does no damage.
You miss the adder.
The adder is lightly wounded.
The adder barely misses you. The adder closely misses you.
The adder misses you. The adder bites you.
You die...
Xom laughs nastily!

#.# ..........,
#.#############.......##
..............'(........
∆
###############(......#
#.............###
#.................
#.......(...####.##
#######..S..# ....
#.@S..# .....
####..#.......
#......_... ##.#...$...
#.#...... #.# ..... #.#
#.## #.. . ###


You could see 2 adders.

Table legend:
 A = Kills in this place as a percentage of kills in entire the game.
 B = Kills by you in this place as a percentage of kills by you in the entire game.
 C = Kills by friends in this place as a percentage of kills by friends in the entire game.
 D = Other kills in this place as a percentage of other kills in the entire game.
 E = Experience gained in this place as a percentage of experience gained in the entire game.
 F = Experience gained in this place divided by the number of levels of this place that you have seen.
                   A       B       C       D       E      F
               +-------+-------+-------+-------+-------+----------------------
         Total | 100.0 | 100.0 |  -nan |  -nan | 100.0 |  23.0
       Dungeon | 100.0 | 100.0 |  -nan |  -nan | 100.0 |  23.0
               +-------+-------+-------+-------+-------+----------------------

Vanquished Creatures
  An adder (D:1)
  4 hobgoblins (D:1)
  4 jackals
  5 bats
  A giant cockroach (D:1)
  A goblin (D:2)
  7 kobolds
  A rat (D:1)
24 creatures vanquished.

Action                   || total
-------------------------++-------
Melee: Spear             ||    87
 Stab: Paralysed         ||     2

Vault maps used:
D:1:      minmay_arrival_four_loops
D:2:      old_standard_altar, nicolae_dithmenos_shadow_blocks,
          nicolae_tso_carved_into_rock, lemuel_tele_altar, uniq_sigmund
